 Dungeon Crawl Stone Soup version 0.21.1-1-g345015f (webtiles) character file.

2355 LairdRich the Cleaver (level 9, -1/81 HPs)
             Began as a Minotaur Berserker on June 16, 2018.
             Was an Elder of Trog.
             Slain by an orc warrior
             ... wielding a +0 trident
              (17 damage)
             ... on level 6 of the Dungeon.
             The game lasted 00:23:37 (5565 turns).

LairdRich the Cleaver (Minotaur Berserker)          Turns: 5565, Time: 00:23:37

Health: -1/81      AC:  8    Str: 22    XL:     9   Next: 20%
Magic:  8/8        EV: 13    Int:  9    God:    Trog [****..]
Gold:   341        SH:  5    Dex: 13    Spells: 8/8 levels left

rFire    . . .     SeeInvis .   G - +0 war axe
rCold    + . .     Gourm    .   d - +0 buckler
rNeg     . . .     Faith    .   q - +2 ring mail {rC+}
rPois    .         Spirit   .   (helmet restricted)
rElec    .         Reflect  .   (no cloak)
rCorr    .         Harm     .   (no gloves)
MR       .....                  (no boots)
Stlth    +.........             s - amulet of regeneration
HPRegen  0.63/turn              u - +1 ring of evasion
MPRegen  0.11/turn              x - +5 ring of intelligence

@: berserk cooldown, slowed, very slow
A: retaliatory headbutt, horns 2
a: Berserk, Trog's Hand, Brothers in Arms, Burn Spellbooks, Renounce Religion


You were on level 6 of the Dungeon.
You worshipped Trog.
Trog was greatly pleased with you.
You were very hungry.

You visited 1 branch of the dungeon, and saw 6 of its levels.

You collected 341 gold pieces.

Inventory:

Hand Weapons
 G - a +0 war axe (weapon)
Missiles
 v - 34 sling bullets
Armour
 d - a +0 buckler (worn)
 q - a +2 ring mail of cold resistance (worn)
 F - a +2 ring mail of magic resistance
Jewellery
 a - an uncursed ring of protection from fire {unknown}
 s - an amulet of regeneration (around neck)
 u - a +1 ring of evasion (left hand)
 x - a +5 ring of intelligence (right hand)
 y - an uncursed amulet of faith {unknown}
 B - an uncursed ring of protection from magic {unknown}
 E - a cursed ring of teleportation {unknown}
Wands
 C - a wand of flame (30)
Scrolls
 b - a scroll of teleportation
 g - 2 scrolls of blinking
 k - a scroll of immolation
 r - 3 scrolls of remove curse
 t - a scroll of fog
 D - 4 scrolls of identify
Potions
 e - a potion of brilliance {unknown}
 f - 2 potions of resistance {unknown}
 h - 4 potions of lignification
 i - a potion of might {unknown}
 j - a potion of degeneration {unknown}
 l - 2 potions of heal wounds {unknown}
 m - 3 potions of curing {unknown}
 p - 3 potions of agility {unknown}
 w - 2 potions of invisibility {unknown}
Comestibles
 c - 6 rations
 z - 18 chunks of flesh


   Skills:
 + Level 7.9 Fighting
 * Level 10.5 Axes
 + Level 7.5 Armour
 - Level 2.1 Dodging
 - Level 4.0 Shields


You had 8 spell levels left.
You didn't know any spells.

Dungeon Overview and Level Annotations

Branches:
Dungeon (6/15)             Temple (0/1) D:4

Altars:
Gozag
Ru
The Shining One


Innate Abilities, Weirdness & Mutations

You reflexively headbutt those who attack you in melee.
You have a pair of horns on your head.


Message History

The orc warrior is moderately wounded.
The orc warrior barely misses you.
You closely miss the orc warrior.
The orc warrior is moderately wounded.
You are feeling very hungry.
The orc warrior closely misses you.
The orc warrior hits you with a trident!
* * * LOW HITPOINT WARNING * * *
You hit the orc warrior. You headbutt the orc warrior.
The orc warrior is severely wounded.
The orc warrior hits you with a trident!
* * * LOW HITPOINT WARNING * * *
You hit the orc warrior.
The orc warrior is severely wounded.
The orc warrior hits you with a trident.
* * * LOW HITPOINT WARNING * * *
You hit the orc warrior but do no damage.
The orc warrior is severely wounded.
The orc warrior hits you with a trident!
You die...

.....................)....#
.###.........##....#.....##
...................##...##
##................#######
....<.....#####...#
........#.# #...# .....###
.# ##.## ....# .######)##
#... ..#...o@$# ..
#........# ##.......# #
##......# # ...$.#### #
...... .. )..... ... ....%.
#..


You could see an orc warrior.

Vanquished Creatures
  Grinder (D:4)
  A wyvern (D:5)
  The ghost of Rwicked the Cudgeler, an amateur MiBe of Trog (D:4)
  Eustachio (D:5)
  Menkaure (D:4)
  Edmund (D:5)
  A sky beast (D:5)
  An ice beast (D:4)
  2 ogres
  A bullfrog (D:6)
  2 scorpions
  4 wights (D:5)
  3 crimson imps
  3 hounds
  3 orc priests
  An orc wizard (D:6)
  A jelly (D:5)
  A centaur skeleton (D:4)
  3 iguanas
  Terence (D:3)
  3 worker ants
  4 gnolls (D:6)
  A howler monkey skeleton (D:6)
  9 adders
  An ooze (D:1)
  An adder skeleton (D:4)
  An adder zombie (D:5)
  A dart slug (D:2)
  4 worms
  2 leopard geckos
  17 orcs
  2 ball pythons
  6 bats
  7 giant cockroaches
  11 goblins
  8 hobgoblins
  17 jackals
  6 kobolds
  A ball python skeleton (D:4)
  2 frilled lizards
  A leopard gecko skeleton (D:4)
  5 rats
143 creatures vanquished.

Notes
Turn   | Place    | Note
-------+----------+-------------------------------------------
     0 | D:1      | LairdRich the Minotaur Berserker began the quest for the Orb.
     0 | D:1      | Reached XP level 1. HP: 19/19 MP: 0/0
   133 | D:1      | Reached skill level 4 in Axes
   133 | D:1      | Reached XP level 2. HP: 25/27 MP: 1/1
   875 | D:1      | Reached XP level 3. HP: 33/33 MP: 2/2
  1494 | D:2      | Found an opulent altar of Gozag.
  1513 | D:2      | Reached ** piety under Trog
  1837 | D:2      | Reached skill level 1 in Shields
  1869 | D:2      | Reached XP level 4. HP: 39/40 MP: 3/3
  1935 | D:2      | Reached skill level 5 in Axes
  2117 | D:2      | Found a sacrificial altar of Ru.
  2556 | D:3      | Noticed Terence
  2563 | D:3      | Killed Terence
  2563 | D:3      | Reached XP level 5. HP: 35/47 MP: 4/4
  3225 | D:4      | Noticed an ogre
  3232 | D:4      | Killed an ogre
  3232 | D:4      | Reached skill level 6 in Axes
  3232 | D:4      | Reached XP level 6. HP: 55/55 MP: 5/5
  3289 | D:4      | Noticed Menkaure
  3392 | D:4      | Killed Menkaure
  3392 | D:4      | Reached skill level 5 in Fighting
  3758 | D:4      | Found a staircase to the Ecumenical Temple.
  3785 | D:4      | Reached XP level 7. HP: 60/61 MP: 6/6
  3837 | D:4      | Noticed Grinder
  3837 | D:4      | Paralysed by Grinder for 5 turns
  3858 | D:4      | Killed Grinder
  3858 | D:4      | Reached skill level 7 in Axes
  3858 | D:4      | Reached skill level 5 in Armour
  3995 | D:4      | Noticed Rwicked's ghost (amateur MiBe)
  4002 | D:4      | Killed Rwicked's ghost
  4002 | D:4      | Reached skill level 8 in Axes
  4242 | D:4      | Reached XP level 8. HP: 70/70 MP: 7/7
  4448 | D:5      | Entered Level 5 of the Dungeon
  4557 | D:5      | Reached *** piety under Trog
  4656 | D:5      | Noticed Edmund
  4659 | D:5      | Reached skill level 9 in Axes
  4682 | D:5      | Killed Edmund
  4896 | D:5      | Noticed Eustachio
  4897 | D:5      | Found a glowing golden altar of the Shining One.
  4964 | D:5      | Killed Eustachio
  4964 | D:5      | Reached skill level 10 in Axes
  5147 | D:6      | Reached XP level 9. HP: 79/79 MP: 8/8
  5393 | D:6      | Reached **** piety under Trog
  5565 | D:6      | Slain by an orc warrior

Skill      XL: |  1  2  3  4  5  6  7  8 |
---------------+-------------------------+-----
Axes           | 4 5 6 8 10 | 10.5
Fighting       | 4 5 6 7 |  7.9
Armour         | 3 4 5 7 |  7.5
Shields        | 1 2 3 4 |  4.0
Dodging        | |  2.1

Action                   |  1- 3 |  4- 6 |  7- 9 || total
-------------------------+-------+-------+-------++-------
Melee: Hand axe          |   104 |    84 |   170 ||   358
       Headbutt          |    14 |    15 |    41 ||    70
       War axe           |       |       |    46 ||    46
Invok: Berserk           |     1 |     3 |     6 ||    10
  Use: Scroll            |     3 |     1 |     7 ||    11
  Eat: Chunk             |     4 |     7 |     6 ||    17
       Ration            |       |     1 |     1 ||     2
Armor: Animal skin       |     9 |       |       ||     9
       Leather armour    |    13 |       |       ||    13
       Ring mail         |     1 |    21 |    49 ||    71
Dodge: Dodged            |    67 |    40 |    87 ||   194
Block: Buckler           |     8 |    10 |    41 ||    59
